 Dungeon Crawl Stone Soup version 0.28-a0-533-g9f97627e2a (webtiles) character file.

Game seed: 3887243296042300774

23 demibob the Slasher (level 2, -4/24 HPs)
             Began as a Demonspawn Monk on Sept 25, 2021.
             Was a Believer of Kikubaaqudgha.
             Slain by an ogre (28 damage)
             ... on level 2 of the Dungeon.
             The game lasted 00:03:57 (1851 turns).

demibob the Slasher (Demonspawn Monk)               Turns: 1851, Time: 00:03:57

Health: -4/24      AC:  3    Str: 11    XL:     2   Next: 75%
Magic:  2/2        EV: 12    Int: 11    God:    Kikubaaqudgha [**....]
Gold:   56         SH:  0    Dex: 15    Spells: 1/1 levels left

rFire   . . .      SeeInvis .   a - +2 rapier (freeze)
rCold   . . .      Faith    .   (no shield)
rNeg    . . .      Spirit   .   b - +0 robe
rPois   .          Reflect  .   (no helmet)
rElec   .          Harm     .   (no cloak)
rCorr   .          Rampage  .   (no gloves)
Will    .....                   c - +0 pair of boots
Stlth   ++........              (no amulet)
HPRegen 0.08/turn               (no ring)
MPRegen 0.08/turn               (no ring)

@: no status effects
A: spiny 1
a: Renounce Religion, Receive Corpses


You were on level 2 of the Dungeon.
You worshipped Kikubaaqudgha.
Kikubaaqudgha was pleased with you.
You visited 1 branch of the dungeon, and saw 2 of its levels.

You collected 56 gold pieces.


Innate Abilities, Weirdness & Mutations

You are partially covered in sharp spines.


   Skills:
 - Level 3.0 Fighting
 + Level 0.3(2.2) Short Blades
 - Level 3.5(3.6) Long Blades
 - Level 2.6 Dodging
 - Level 1.7 Stealth
 + Level 0.4 Necromancy


You had one spell level left.
You didn't know any spells.
Your spell library contained the following spells:

 Spells                   Type           Power      Damage    Failure   Level
 Pain                     Necr           0%         1d4       30%         1
 Shock                    Conj/Air       0%         1d3       34%         1
 Sublimation of Blood     Necr           0%         N/A       43%         2
 Corpse Rot               Necr/Air       N/A        N/A       45%         2
 Passwall                 Tmut/Erth      0%         N/A       47%         2
 Vampiric Draining        Necr           0%         2d6       67%         3
 Swiftness                Air            0%         N/A       71%         3
 Airstrike                Air            0%         N/A       98%         4
 Summon Ice Beast         Ice/Summ       0%         N/A       98%         4
 Summon Mana Viper        Hex/Summ       0%         N/A       100%        5
 Invisibility             Hex            0%         N/A       100%        6
 Monstrous Menagerie      Summ           0%         N/A       100%        7

Inventory:

Hand Weapons
 a - a +2 rapier of freezing (weapon)
 h - a +0 falchion
Armour
 b - a +0 robe (worn)
 c - a +0 pair of boots (worn)
Scrolls
 e - a scroll of vulnerability {unknown}
 g - 2 scrolls of teleportation {@r2}
Potions
 f - a potion of magic
 i - a potion of attraction

Dungeon Overview and Level Annotations

Branches:
Dungeon (2/15)

Altars:
Kikubaaqudgha

##### # #...#
#..#.#########.#.#
#......@O......#.#
#########..##....#######
#...##...........
#.#####..........
#.......#....###.
#######.#......#.
#......###.#.
#####...##.#^..#.
#.....#.#..#.####


You could see an ogre.


Message History

You kill the jackal!
Kikubaaqudgha accepts your kill.
No target in view!
You see here a jackal corpse.
There is a stone staircase leading down here.
Found 14 stones.
You see here 14 stones.
An ogre is nearby!
The ogre shouts!
As you read the scroll labelled WIDEOT LIGAST, it crumbles to dust.
It is a scroll of identify.
f - a potion of magic
As you read the scroll of identify {@r1}, it crumbles to dust.
i - a potion of attraction
Okay, then.
You hit the ogre. You freeze the ogre.
The ogre is moderately wounded.
The ogre closely misses you.
You barely miss the ogre.
The ogre is moderately wounded.
The ogre is struck by your spines. The ogre barely misses you.
You puncture the ogre! You freeze the ogre.
The ogre is severely wounded.
The ogre misses you.
You hit the ogre but do no damage.
The ogre is severely wounded.
The ogre hits you with a +0 giant club!!
Ouch! That really hurt!
You die...
Kikubaaqudgha rasps: "You have failed me!
Welcome... death!"

Skill      XL: |  1 |
---------------+----+-----
Long Blades    | 3 |  3.5
Fighting       | |  3.0
Short Blades   | |  0.3
Dodging        | |  2.6
Stealth        | |  1.7
Necromancy     | |  0.4

Action                   || total
-------------------------++-------
Melee: Falchion          ||    36
       Rapier            ||    11
  Use: Scroll            ||     3
 Stab: Sleeping          ||     5
Armor: Robe              ||     4
Dodge: Dodged            ||    22

Levels and vault maps discovered:
D:1:      lightli_arrival_farm, layout_basic, serial_glass, glass_columns_b,
          glass_columns_a, glass_columns_a, glass_columns_a, glass_columns_a,
          glass_columns_c, glass_columns_c, glass_columns_c
D:2:      minmay_wonky_spiral, layout_basic,
          hellmonk_ecumenical_altar_leap_of_faith

Notes
Turn   | Place    | Note
-------+----------+-------------------------------------------
     0 | D:1      | demibob the Demonspawn Monk began the quest for the Orb.
     0 | D:1      | Reached XP level 1. HP: 18/18 MP: 1/1
   283 | D:1      | Reached skill level 3 in Long Blades
   472 | D:1      | Gained mutation: You are partially covered in sharp spines.
                  | [demonic ancestry]
   472 | D:1      | Reached XP level 2. HP: 22/24 MP: 2/2
  1276 | D:2      | Found a faded altar of an unknown god.
  1283 | D:2      | Became a worshipper of Kikubaaqudgha
  1283 | D:2      | Reached * piety under Kikubaaqudgha
  1283 | D:2      | Received a gift from Kikubaaqudgha
  1283 | D:2      | Reached ** piety under Kikubaaqudgha
  1645 | D:2      | Noticed an ogre
  1851 | D:2      | Slain by an ogre

Vanquished Creatures
  3 endoplasms
  4 goblins
  A hobgoblin (D:1)
  A jackal (D:2)
  2 kobolds
  2 quokkas (D:1)
  2 ball pythons (D:1)
  A bat (D:2)
  5 rats
21 creatures vanquished.

Table legend: (Time is in decaauts)
 A = Elapsed time spent in this place.
 B = Non-inter-level travel time spent in this place.
 C = Inter-level travel time spent in this place.
 D = Time resting spent in this place.
 E = Time spent auto-exploring this place.
 F = Levels seen in this place.
 G = Mean time per level.
                   A        B        C        D        E       F      G
               +--------+--------+--------+--------+--------+-----+--------+
         Total |   1876 |   1830 |     46 |    233 |   1381 |   2 |  938.0 |
       Dungeon |   1876 |   1830 |     46 |    233 |   1381 |   2 |  938.0 |
               +--------+--------+--------+--------+--------+-----+--------+

Top non-repeatable levels by time:
     D:1: 1021 daAuts
     D:2: 854 daAuts

Table legend:
 A = Non-vault XP
 B = Vault XP
 C = Vault XP percentage of total XP
 D = Non-vault monster count
 E = Vault monster count
 F = Vault count percentage of total count
                 A         B        C        D         E       F
            +---------+---------+-------+---------+---------+-------
      Total |      32 |       2 |   5.9 |      20 |       1 |   4.8
            +---------+---------+-------+---------+---------+-------
        D:1 |      24 |       0 |   0.0 |      15 |       0 |   0.0
        D:2 |       8 |       2 |  20.0 |       5 |       1 |  16.7
            +---------+---------+-------+---------+---------+-------
